 Dungeon Crawl Stone Soup version 0.28-a0-984-g3775c662fe (webtiles) character file.

Game seed: 3512510287063046105

242 devianceone the Slasher (level 5, -3/47 HPs)
             Began as a Minotaur Berserker on Dec 3, 2021.
             Was an Initiate of Nemelex Xobeh.
             Slain by a polar bear (12 damage)
             ... created by the rage of Trog
             ... on level 3 of the Dungeon.
             The game lasted 00:17:13 (1583 turns).

devianceone the Slasher (Minotaur Berserker)        Turns: 1583, Time: 00:17:13

Health: -3/47      AC: 10    Str: 28 (29) XL:     5   Next: 82%
Magic:  13/13      EV:  9    Int:  4      God:    Nemelex Xobeh [......]
Gold:   128        SH:  0    Dex: 10      Spells: 4/4 levels left

rFire   . . .      SeeInvis .   a - +1 falchion
rCold   . . .      Faith    .   (no shield)
rNeg    . . .      Spirit   .   k - +1 chain mail
rPois   .          Reflect  .   (helmet restricted)
rElec   .          Harm     .   (no cloak)
rCorr   .          Rampage  .   (no gloves)
Will    .....                   (no boots)
Stlth   ..........              (no amulet)
HPRegen 0.15/turn               g - +6 ring of strength
MPRegen 0.13/turn               n - ring of magical power

@: no status effects
A: horns 2, retaliatory headbutt
a: Renounce Religion, Draw Escape, Draw Destruction, Draw Summoning


You were on level 3 of the Dungeon.
You worshipped Nemelex Xobeh.
Nemelex Xobeh was noncommittal.
You visited 1 branch of the dungeon, and saw 3 of its levels.

You collected 128 gold pieces.

Inventory:

Hand Weapons
 a - a +1 falchion (weapon)
 c - a +0 dagger
 e - a +0 short sword
 h - a +0 dagger
 j - a +0 hand axe
 l - a +0 club
 m - a +0 dagger
 p - a +0 scythe
Missiles
 d - 64 stones (quivered)
Armour
 b - a +0 animal skin
 f - a +0 robe
 i - a +0 leather armour
 k - a +1 chain mail (worn)
 o - a +0 scale mail
 s - a +0 robe
Jewellery
 g - a +6 ring of strength (left hand)
 n - a ring of magical power (right hand)
Potions
 q - 2 potions of attraction


   Skills:
 + Level 4.9 Fighting
 + Level 6.4 Long Blades
 + Level 3.1 Armour
 + Level 2.9 Dodging
 + Level 0.6 Stealth


You had 4 spell levels left.
You didn't know any spells.
Your spell library was empty.

Dungeon Overview and Level Annotations

Branches:
Dungeon (3/15)

Altars:
Nemelex Xobeh


Innate Abilities, Weirdness & Mutations

You have a pair of horns on your head.
You reflexively headbutt those who attack you in melee.


Message History

You barely miss the goblin. Your headbutt misses the goblin.
The goblin hits you but does no damage.
You closely miss the goblin. The goblin barely misses you.
You miss the goblin. You headbutt the goblin.
The goblin is heavily wounded.
The goblin hits you but does no damage.
You barely miss the goblin. Your headbutt misses the goblin.
The goblin is heavily wounded.
The goblin barely misses you. You furiously retaliate!
You headbutt the goblin.
You kill the goblin!
d - 64 stones (gained 14)
Things that are here:
a +0 club; a +0 hunting sling Trog sends monsters to punish you. 3 polar bears and a black bear come into view.
You slash the polar bear!
The polar bear is lightly wounded.
You hit the polar bear.
The polar bear is lightly wounded.
The polar bear barely misses you. The polar bear completely misses you.
The polar bear claws you but does no damage.
You barely miss the polar bear.
You headbutt the polar bear, but do no damage.
The polar bear is lightly wounded.
The polar bear barely misses you. You furiously retaliate!
You headbutt the polar bear.
The polar bear claws you but does no damage. x2
The polar bear bites you! The polar bear claws you.
The polar bear barely misses you.
You barely miss the polar bear.
The polar bear is lightly wounded.
The polar bear barely misses you.
The polar bear claws you but does no damage. x2
The polar bear bites you!
* * * LOW HITPOINT WARNING * * *
The polar bear closely misses you.
The polar bear claws you but does no damage.
The polar bear bites you!
You die...
Your body disappears without a glow.

# #.....#.#......
#####.....##...
####.##.....
#.......###. ###†#######
#### #...# ...## #.###
##..####.############..#
###...........hh@hh.....
######.#################
.......# ########


You could see 3 polar bears and a black bear (berserk).

Vanquished Creatures
  Sigmund (D:3)
  2 adders (D:2)
  2 worms (D:2)
  2 dart slugs (D:1)
  5 endoplasms
  4 giant cockroaches
  3 goblins
  7 hobgoblins
  6 kobolds
  3 quokkas
  9 ball pythons
  A bat (D:2)
  4 frilled lizards (D:1)
  2 rats
51 creatures vanquished.

Vanquished Creatures (others)
  15 plants (D:1)
15 creatures vanquished.

Grand Total: 66 creatures vanquished

Notes
Turn   | Place    | Note
-------+----------+-------------------------------------------
     0 | D:1      | devianceone the Minotaur Berserker began the quest for the
                  | Orb.
     0 | D:1      | Reached XP level 1. HP: 19/19 MP: 0/0
   167 | D:1      | Reached skill level 4 in Long Blades
   167 | D:1      | Reached XP level 2. HP: 27/27 MP: 1/1
   284 | D:1      | Reached ** piety under Trog
   478 | D:1      | Reached XP level 3. HP: 32/33 MP: 2/2
   555 | D:1      | Found a faded altar of an unknown god.
  1192 | D:2      | Reached XP level 4. HP: 39/41 MP: 3/3
  1225 | D:2      | Reached skill level 5 in Long Blades
  1320 | D:2      | Found a sparkling altar of Nemelex Xobeh.
  1326 | D:2      | Fell from the grace of Trog
  1326 | D:2      | Became a worshipper of Nemelex Xobeh the Trickster
  1442 | D:3      | Noticed Sigmund
  1487 | D:3      | Killed Sigmund
  1488 | D:3      | Reached skill level 6 in Long Blades
  1488 | D:3      | Reached XP level 5. HP: 28/47 MP: 4/4
  1580 | D:3      | Noticed a polar bear
  1580 | D:3      | Noticed a polar bear
  1580 | D:3      | Noticed a black bear
  1580 | D:3      | Noticed a polar bear
  1583 | D:3      | Slain by a polar bear

Illustrated notes

Levels and vault maps discovered:
D:1:      saegor_arrival_simple_d, layout_basic,
          shapermc_ecumenical_altar_totnotflames, serial_bayou_lagoon_a,
          minmay_pentomino_s4
D:2:      layout_rooms, basic_altar
D:3:      layout_rooms, nicolae_tso_swordbearing_angel, serial_glass,
          glass_columns_a, glass_columns_c, glass_columns_a, glass_columns_c,
          uniq_sigmund

Skill      XL: |  1  2  3  4 |
---------------+-------------+-----
Long Blades    | 4 6 |  6.4
Fighting       | 4 |  4.9
Armour         | 3 |  3.1
Dodging        | |  2.9
Stealth        | |  0.6

Action                   |  1- 3 |  4- 6 || total
-------------------------+-------+-------++-------
Melee: Falchion          |    87 |    22 ||   109
       Headbutt          |    14 |     3 ||    17
  Use: Scroll            |     3 |     1 ||     4
       Potion            |       |     3 ||     3
Armor: Animal skin       |     2 |       ||     2
       Chain mail        |    14 |    17 ||    31
Dodge: Dodged            |    41 |    10 ||    51

Table legend: (Time is in decaauts)
 A = Elapsed time spent in this place.
 B = Non-inter-level travel time spent in this place.
 C = Inter-level travel time spent in this place.
 D = Time resting spent in this place.
 E = Time spent auto-exploring this place.
 F = Levels seen in this place.
 G = Mean time per level.
                   A        B        C        D        E       F      G
               +--------+--------+--------+--------+--------+-----+--------+
         Total |   1601 |   1559 |     42 |      0 |    768 |   3 |  533.7 |
       Dungeon |   1601 |   1559 |     42 |      0 |    768 |   3 |  533.7 |
               +--------+--------+--------+--------+--------+-----+--------+

Top non-repeatable levels by time:
     D:1: 1039 daAuts
     D:2: 387 daAuts
     D:3: 173 daAuts
